| TOP OF THE 1ST |
|
Waynesboro Braves batting - Pitching for Marion Mets : RHP Sergio Hernandez
|
|
Pitching: RHP Sergio Hernandez
|
|
|
Batting: RHB Richie Carter
|
0-0: Ball 1-0: Ball 2-0: Fly out, F9 (Flyball, 9D, EV 103.8 MPH)
|
|
Batting: RHB Sam Khalifa
|
0-0: Called Strike 0-1: SINGLE (Line Drive, 9S, EV 96.3 MPH)
|
|
Batting: RHB Gary Gill
|
0-0: Fly out, F9 (Flyball, 9LM, EV 91.9 MPH)
|
|
Batting: RHB Bob Calley
|
0-0: Ball 1-0: Ball 2-0: Ball 3-0: Called Strike 3-1: Ground out 4-3 (Groundball, 34, EV 89.4 MPH)
|
| Top of the 1st over - 0 runs, 1 hit, 0 errors, 1 left on base; Waynesboro 0 - Marion 0 |
| BOTTOM OF THE 1ST |
|
Marion Mets batting - Pitching for Waynesboro Braves : RHP Scott Skripko
|
|
Pitching: RHP Scott Skripko
|
|
|
Batting: RHB Thomas Wallace
|
0-0: Fly out, F3 (Line Drive, 3, EV 63.1 MPH)
|
|
Batting: LHB Ricky de la Cruz
|
0-0: Called Strike 0-1: Foul Ball, location: 2F 0-2: Ball 1-2: Strikes out looking
|
|
Batting: RHB Rey Quinones
|
0-0: Called Strike 0-1: SINGLE (Line Drive, 78M, EV 105.0 MPH)
|
|
Batting: RHB Wayne Harrison
|
0-0: Ball 1-0: SINGLE (Groundball, 56D, EV 102.5 MPH) Rey Quinones to second
|
|
Batting: LHB Lorenzo Castillo
|
0-0: Ball 1-0: Foul Ball, location: 2F 1-1: Ball 2-1: Ball 3-1: Base on Balls Rey Quinones to third Wayne Harrison to second
|
|
Batting: LHB Jeff Schulz
|
0-0: Ball 1-0: Foul Ball, location: 2F 1-1: Fly out, F8 (Flyball, 8RD, EV 87.5 MPH)
|
| Bottom of the 1st over - 0 runs, 2 hits, 0 errors, 3 left on base; Waynesboro 0 - Marion 0 |
| TOP OF THE 2ND |
|
Waynesboro Braves batting - Pitching for Marion Mets : RHP Sergio Hernandez
|
|
Batting: RHB Rey Palacios
|
0-0: Ball 1-0: Called Strike 1-1: Ball 2-1: DOUBLE (Flyball, 3D, EV 95.0 MPH)
|
|
Batting: RHB Roberto Carrero
|
0-0: Swinging Strike 0-1: Ball 1-1: Ground out 6-3 (Groundball, 56D, EV 85.6 MPH)
|
|
Batting: RHB Juan Velazquez
|
0-0: Ball 1-0: Called Strike 1-1: Foul Ball, location: 2F 1-2: Hit by Pitch
|
|
Batting: RHB Thomas Walker
|
0-0: Ball 1-0: Foul Ball, location: 2F 1-1: Ball 2-1: Fielders Choice at 2nd, 6-4 (Groundball, 6, EV 111.3 MPH) Rey Palacios to third
|
|
Batting: RHB Andres Amoros
|
0-0: Ball 1-0: Ground out 3-1 (Groundball, 34, EV 85.6 MPH)
|
| Top of the 2nd over - 0 runs, 1 hit, 0 errors, 2 left on base; Waynesboro 0 - Marion 0 |
| BOTTOM OF THE 2ND |
|
Marion Mets batting - Pitching for Waynesboro Braves : RHP Scott Skripko
|
|
Batting: RHB Bob Geren
|
0-0: DOUBLE (Line Drive, 89D, EV 103.8 MPH)
|
|
Batting: SHB Sherman Webb
|
0-0: Ball 1-0: Called Strike 1-1: Ground out 5-3 (Groundball, 56, EV 76.3 MPH)
|
|
Batting: RHB Jose Maldonado
|
0-0: Called Strike 0-1: Swinging Strike 0-2: Ball 1-2: Strikes out swinging
|
|
Batting: RHB Thomas Wallace
|
0-0: Called Strike 0-1: Foul Ball, location: 2F 0-2: Foul Ball, location: 2F 0-2: Ball 1-2: Ball 2-2: Ball 3-2: Foul Ball, location: 2RF, Error on foul ball, E2 3-2: Ground out 5-3 (Groundball, 56, EV 81.9 MPH)
|
| Bottom of the 2nd over - 0 runs, 1 hit, 1 error, 1 left on base; Waynesboro 0 - Marion 0 |
| TOP OF THE 3RD |
|
Waynesboro Braves batting - Pitching for Marion Mets : RHP Sergio Hernandez
|
|
Batting: RHB Richie Carter
|
0-0: Fly out, F3 (Popup, 34, EV 76.9 MPH)
|
|
Batting: RHB Sam Khalifa
|
0-0: Ball 1-0: Ground out 3-1 (Groundball, 34S, EV 89.4 MPH)
|
|
Batting: RHB Gary Gill
|
0-0: Ball 1-0: Ball 2-0: Ball 3-0: Base on Balls
|
|
Batting: RHB Bob Calley
|
0-0: Ball 1-0: Foul Ball, location: 2F 1-1: SINGLE (Line Drive, 4M, EV 103.1 MPH) Gary Gill to second
|
|
Batting: RHB Rey Palacios
|
0-0: Ball 1-0: Reached on error, E5 (Groundball, 56S, EV 83.8 MPH) Gary Gill to third Bob Calley to second
|
|
Batting: RHB Roberto Carrero
|
0-0: SINGLE (Line Drive, 78M, EV 100.6 MPH) Gary Gill scores Bob Calley to third Rey Palacios to second Runner from 3rd tries for Home, SAFE, throw by CF to home
|
|
Batting: RHB Juan Velazquez
|
0-0: Called Strike 0-1: SINGLE (Groundball, 6S, EV 63.1 MPH) (infield hit) Rey Palacios to third Roberto Carrero to second
|
|
Batting: RHB Thomas Walker
|
0-0: Ball 1-0: Swinging Strike 1-1: Foul Ball, location: 2F 1-2: Ball 2-2: Foul Ball, location: 2F 2-2: Foul Ball, location: 2F 2-2: Fly out, F7 (Flyball, 7S, EV 88.1 MPH)
|
| Top of the 3rd over - 2 runs, 3 hits, 1 error, 3 left on base; Waynesboro 2 - Marion 0 |
| BOTTOM OF THE 3RD |
|
Marion Mets batting - Pitching for Waynesboro Braves : RHP Scott Skripko
|
|
Batting: LHB Ricky de la Cruz
|
0-0: Ball 1-0: Ball 2-0: Called Strike 2-1: Called Strike 2-2: Foul Ball, location: 2F 2-2: Foul Ball, location: 2F 2-2: Ball 3-2: SINGLE (Groundball, 34D, EV 97.5 MPH)
|
|
Batting: RHB Rey Quinones
|
0-0: Ball Ricky de la Cruz is caught stealing 2nd base 2-4 1-0: Fly out, F6 (Popup, 6, EV 68.8 MPH)
|
|
Batting: RHB Wayne Harrison
|
0-0: SOLO HOME RUN (Line Drive, 78XD, EV 101.9 MPH), Distance : 413 ft
|
|
Batting: LHB Lorenzo Castillo
|
0-0: Ball 1-0: Swinging Strike 1-1: Fly out, F8 (Flyball, 89D, EV 78.8 MPH)
|
| Bottom of the 3rd over - 1 run, 2 hits, 0 errors, 0 left on base; Waynesboro 2 - Marion 1 |
| TOP OF THE 4TH |
|
Waynesboro Braves batting - Pitching for Marion Mets : RHP Sergio Hernandez
|
|
Batting: RHB Andres Amoros
|
0-0: Ball 1-0: Ball 2-0: Called Strike 2-1: Ball 3-1: SINGLE (Groundball, 34D, EV 99.4 MPH)
|
|
Batting: RHB Richie Carter
|
0-0: Ball 1-0: Swinging Strike 1-1: Foul Ball, location: 2F 1-2: Strikes out swinging
|
|
Batting: RHB Sam Khalifa
|
0-0: Ball 1-0: Ball 2-0: Foul Ball, location: 2F 2-1: Fielders Choice at 2nd, 6-4 (Groundball, 6, EV 103.1 MPH)
|
|
Batting: RHB Gary Gill
|
0-0: Ball 1-0: Foul Ball, location: 2F 1-1: Ball 2-1: Foul Ball, location: 2F 2-2: Ball 3-2: Foul Ball, location: 2F 3-2: Base on Balls Sam Khalifa to second
|
|
Batting: RHB Bob Calley
|
0-0: Foul Ball, location: 2F 0-1: Foul Ball, location: 2F 0-2: SINGLE (Groundball, 6MD, EV 99.4 MPH) Sam Khalifa to third Gary Gill to second Runner from 3rd tries for Home, SAFE, throw by CF to home
|
|
Batting: RHB Rey Palacios
|
0-0: Called Strike 0-1: Ball 1-1: Fly out, F4 (Flyball, 4D, EV 93.8 MPH)
|
| Top of the 4th over - 1 run, 2 hits, 0 errors, 2 left on base; Waynesboro 3 - Marion 1 |
| BOTTOM OF THE 4TH |
|
Marion Mets batting - Pitching for Waynesboro Braves : RHP Scott Skripko
|
|
Batting: LHB Jeff Schulz
|
0-0: Foul Ball, location: 2F 0-1: Ball 1-1: Ground out 4-3 (Groundball, 4M, EV 108.1 MPH)
|
|
Batting: RHB Bob Geren
|
0-0: Called Strike 0-1: SINGLE (Groundball, 4MD, EV 94.4 MPH)
|
|
Batting: SHB Sherman Webb
|
0-0: Called Strike 0-1: Ball 1-1: Fielders Choice at 2nd, 4-6 (Groundball, 4M, EV 84.4 MPH)
|
|
Batting: RHB Jose Maldonado
|
0-0: Ball Sherman Webb is caught stealing 2nd base 2-4
|
| Bottom of the 4th over - 0 runs, 1 hit, 0 errors, 0 left on base; Waynesboro 3 - Marion 1 |
| TOP OF THE 5TH |
|
Waynesboro Braves batting - Pitching for Marion Mets : RHP Sergio Hernandez
|
|
Batting: RHB Roberto Carrero
|
0-0: Foul Ball, location: 2F 0-1: Ball 1-1: Ground out 6-3 (Groundball, 6, EV 85.0 MPH)
|
|
Batting: RHB Juan Velazquez
|
0-0: Called Strike 0-1: Ball 1-1: Ground out 5-3 (Groundball, 56, EV 80.6 MPH)
|
|
Batting: RHB Thomas Walker
|
0-0: Ball 1-0: Swinging Strike 1-1: Ball 2-1: Fly out, F8 (Flyball, 78M, EV 85.6 MPH)
|
| Top of the 5th over - 0 runs, 0 hits, 0 errors, 0 left on base; Waynesboro 3 - Marion 1 |
| BOTTOM OF THE 5TH |
|
Marion Mets batting - Pitching for Waynesboro Braves : RHP Scott Skripko
|
|
Batting: RHB Jose Maldonado
|
0-0: Called Strike 0-1: Fly out, F4 (Line Drive, 4, EV 69.4 MPH)
|
|
Batting: RHB Thomas Wallace
|
0-0: Called Strike 0-1: Foul Ball, location: 2F 0-2: Foul Ball, location: 2F 0-2: Ball 1-2: Ball 2-2: Single, Error in OF, E7, batter to second base (Line Drive, 7LS, EV 88.1 MPH)
|
|
Pitching: RHP Keith Ross
|
|
|
Batting: LHB Ricky de la Cruz
|
0-0: Called Strike Thomas Wallace is caught stealing 3rd base 2-5 0-1: Foul Ball, location: 2F 0-2: Ball 1-2: Ball 2-2: Foul Ball, location: 2F 2-2: SINGLE (Groundball, 34S, EV 63.1 MPH) (infield hit)
|
|
Batting: RHB Rey Quinones
|
0-0: Ball 1-0: Called Strike 1-1: Fly out, F8 (Flyball, 8LXD, EV 91.3 MPH)
|
| Bottom of the 5th over - 0 runs, 2 hits, 1 error, 1 left on base; Waynesboro 3 - Marion 1 |
| TOP OF THE 6TH |
|
Waynesboro Braves batting - Pitching for Marion Mets : RHP Sergio Hernandez
|
|
Batting: RHB Andres Amoros
|
0-0: Called Strike 0-1: SINGLE (Line Drive, 7LS, EV 106.9 MPH)
|
|
Batting: RHB Richie Carter
|
0-0: Ball 1-0: Ball 2-0: Ball 3-0: Called Strike 3-1: Bunt - Flyout to 25! F5
|
|
Batting: RHB Sam Khalifa
|
0-0: Called Strike 0-1: Foul Ball, location: 2F 0-2: Ball 1-2: Ball 2-2: Grounds into double play, 5-4-3 (Groundball, 56, EV 108.1 MPH)
|
| Top of the 6th over - 0 runs, 1 hit, 0 errors, 0 left on base; Waynesboro 3 - Marion 1 |
| BOTTOM OF THE 6TH |
|
Marion Mets batting - Pitching for Waynesboro Braves : RHP Keith Ross
|
|
Batting: RHB Wayne Harrison
|
0-0: Fly out, F9 (Flyball, 9D, EV 100.0 MPH)
|
|
Batting: LHB Lorenzo Castillo
|
0-0: Swinging Strike 0-1: Foul Ball, location: 2F 0-2: Ball 1-2: Ball 2-2: Ground out U3 (Groundball, 3, EV 84.4 MPH)
|
|
Batting: LHB Jeff Schulz
|
0-0: SINGLE (Groundball, 4MD, EV 97.5 MPH)
|
|
Batting: RHB Bob Geren
|
0-0: Ball Jeff Schulz steals 2nd base 1-0: Called Strike 1-1: SINGLE (Groundball, 6D, EV 107.5 MPH) Jeff Schulz to third Runner from 3rd tries for Home, SAFE, throw by LF to home
|
|
Batting: SHB Sherman Webb
|
0-0: Called Strike 0-1: Called Strike 0-2: DOUBLE (Groundball, 3L, EV 108.1 MPH) Bob Geren to third
|
|
Batting: RHB Jose Maldonado
|
0-0: Called Strike 0-1: Ball 1-1: Fly out, F7 (Flyball, 7LM, EV 82.5 MPH)
|
| Bottom of the 6th over - 1 run, 3 hits, 0 errors, 2 left on base; Waynesboro 3 - Marion 2 |
| TOP OF THE 7TH |
|
Waynesboro Braves batting - Pitching for Marion Mets : RHP Sergio Hernandez
|
|
Batting: RHB Gary Gill
|
0-0: Foul Ball, location: 2F 0-1: SINGLE (Line Drive, 9S, EV 96.9 MPH)
|
|
Batting: RHB Bob Calley
|
0-0: Ball 1-0: Ball 2-0: Swinging Strike 2-1: Ball 3-1: Swinging Strike 3-2: Grounds into double play, 4-6-3 (Groundball, 4, EV 88.1 MPH)
|
|
Batting: RHB Rey Palacios
|
0-0: Foul Ball, location: 2F 0-1: Foul Ball, location: 2F 0-2: Foul Ball, location: 2F 0-2: Ball 1-2: Fly out, F9 (Flyball, 9D, EV 88.8 MPH)
|
| Top of the 7th over - 0 runs, 1 hit, 0 errors, 0 left on base; Waynesboro 3 - Marion 2 |
| BOTTOM OF THE 7TH |
|
Marion Mets batting - Pitching for Waynesboro Braves : RHP Keith Ross
|
|
Batting: RHB Thomas Wallace
|
0-0: Ball 1-0: Foul Ball, location: 2F 1-1: Foul Ball, location: 2F 1-2: Ball 2-2: Foul Ball, location: 2F 2-2: Ball 3-2: Foul Ball, location: 2F 3-2: SOLO HOME RUN (Flyball, 78XD, EV 98.1 MPH), Distance : 423 ft
|
|
Batting: LHB Ricky de la Cruz
|
0-0: Foul Ball, location: 2F 0-1: Called Strike 0-2: Ball 1-2: SINGLE (Flyball, 4D, EV 90.0 MPH)
|
|
Batting: RHB Rey Quinones
|
0-0: Ball 1-0: SINGLE (Line Drive, 89S, EV 100.0 MPH) Ricky de la Cruz to second Runner from 2nd tries for 3rd, OUT! 9-5
|
|
Batting: RHB Wayne Harrison
|
0-0: Ball 1-0: Called Strike 1-1: Foul Ball, location: 2F 1-2: Ball 2-2: Foul Ball, location: 2F 2-2: Ball 3-2: Foul Ball, location: 2F 3-2: Base on Balls Rey Quinones to second
|
|
Batting: LHB Lorenzo Castillo
|
0-0: SINGLE (Line Drive, 4M, EV 96.9 MPH) Rey Quinones to third Wayne Harrison to second
|
|
Batting: LHB Jeff Schulz
|
0-0: Swinging Strike 0-1: Ball 1-1: Ball 2-1: Swinging Strike 2-2: Ball Wild Pitch! Rey Quinones scores Wayne Harrison to third Lorenzo Castillo to second 3-2: Intentional Walk
|
|
Batting: RHB Bob Geren
|
0-0: Swinging Strike 0-1: Swinging Strike 0-2: Ball 1-2: SINGLE (Groundball, 6D, EV 95.0 MPH) Wayne Harrison scores Lorenzo Castillo to third Jeff Schulz to second Runner from 3rd tries for Home, SAFE, throw by LF to home
|
|
Batting: SHB Sherman Webb
|
0-0: Ball 1-0: Called Strike 1-1: Called Strike 1-2: Fly out, F8 (Flyball, 8LS, EV 81.9 MPH)
|
|
Pitching: RHP Mauricio Nunez
|
|
|
Batting: RHB Jose Maldonado
|
0-0: Ball Wild Pitch! Jeff Schulz to third Bob Geren to second 1-0: Ball 2-0: Ball Wild Pitch! Jeff Schulz scores Bob Geren to third 3-0: Base on Balls
|
|
Batting: RHB Thomas Wallace
|
0-0: Fly out, F7 (Flyball, 78D, EV 93.1 MPH)
|
| Bottom of the 7th over - 5 runs, 5 hits, 0 errors, 2 left on base; Waynesboro 3 - Marion 7 |
| TOP OF THE 8TH |
|
Waynesboro Braves batting - Pitching for Marion Mets : RHP Sergio Hernandez
|
|
Batting: RHB Roberto Carrero
|
0-0: Called Strike 0-1: Ball 1-1: Foul Ball, location: 2F 1-2: Reached on error, E5 (Groundball, 5S, EV 87.5 MPH)
|
|
Batting: RHB Juan Velazquez
|
0-0: Swinging Strike 0-1: Ball 1-1: Foul Ball, location: 2F 1-2: Ball 2-2: Ball 3-2: SINGLE (Groundball, 6D, EV 101.9 MPH) Roberto Carrero to second
|
|
Batting: RHB Thomas Walker
|
0-0: Called Strike 0-1: Swinging Strike 0-2: Grounds into double play, 6-4-3 (Groundball, 6, EV 88.1 MPH) Roberto Carrero to third
|
|
Batting: RHB Andres Amoros
|
0-0: Ball 1-0: Reached on error, E4 (Groundball, 4, EV 98.1 MPH) Roberto Carrero scores
|
|
Batting: RHB Richie Carter
|
0-0: Swinging Strike 0-1: Swinging Strike 0-2: Ball 1-2: Strikes out swinging
|
| Top of the 8th over - 1 run, 1 hit, 2 errors, 1 left on base; Waynesboro 4 - Marion 7 |
| BOTTOM OF THE 8TH |
|
Marion Mets batting - Pitching for Waynesboro Braves : RHP Mauricio Nunez
|
|
Batting: LHB Ricky de la Cruz
|
0-0: Called Strike 0-1: Fly out, F7 (Line Drive, 7, EV 98.1 MPH)
|
|
Batting: RHB Rey Quinones
|
0-0: Called Strike 0-1: Foul Ball, location: 2F 0-2: SINGLE (Flyball, 4D, EV 88.8 MPH)
|
|
Batting: RHB Wayne Harrison
|
0-0: Ball 1-0: Foul Ball, location: 2F 1-1: Called Strike 1-2: Grounds into double play, 5-4-3 (Groundball, 56S, EV 83.1 MPH)
|
| Bottom of the 8th over - 0 runs, 1 hit, 0 errors, 0 left on base; Waynesboro 4 - Marion 7 |
| TOP OF THE 9TH |
|
Waynesboro Braves batting - Pitching for Marion Mets : RHP Sergio Hernandez
|
|
Pitching: RHP Gregory Hammond
|
|
|
Batting: RHB Sam Khalifa
|
0-0: Ball 1-0: Fly out, F8 (Line Drive, 8LD, EV 97.5 MPH)
|
|
Batting: RHB Gary Gill
|
0-0: Called Strike 0-1: Ball 1-1: Ball 2-1: Ball 3-1: Swinging Strike 3-2: Ground out 6-3 (Groundball, 56D, EV 90.6 MPH)
|
|
Batting: RHB Bob Calley
|
0-0: Foul Ball, location: 2F 0-1: Ball 1-1: Ball 2-1: Fly out, F4 (Popup, 4D, EV 56.9 MPH)
|
| Top of the 9th over - 0 runs, 0 hits, 0 errors, 0 left on base; Waynesboro 4 - Marion 7 |
|